 Dungeon Crawl Stone Soup version 0.29.1-2-gbd0b4ee654 (webtiles) character file.

Game seed: 12699540307958578033

2 Avanven the Grave Robber (level 1, 0/13 HPs)
             Began as a Mummy Necromancer on Nov 5, 2022.
             Slain by a ball python (1 damage)
             ... on level 1 of the Dungeon.
             The game lasted 00:00:52 (48 turns).

Avanven the Grave Robber (Mummy Necromancer)          Turns: 48, Time: 00:00:54

Health: 0/13       AC:  2    Str: 11    XL:     1   Next: 33%
Magic:  0/4        EV: 12    Int: 14    God:
Gold:   0          SH:  0    Dex: 12    Spells: 4/5 levels left

rFire   x . .      SeeInvis .   (no weapon)
rCold   + . .      Faith    .   (no shield)
rNeg    + + +      Spirit   .   a - +0 robe
rPois   ∞          Reflect  .   (no helmet)
rElec   .          Harm     .   (no cloak)
rCorr   .          Rampage  .   (no gloves)
Will    .....                   (no boots)
Stlth   ++........              (no amulet)
HPRegen 0.04/turn               (no ring)
MPRegen 0.09/turn               (no ring)

@: no status effects
A: cold resistance 1, negative energy resistance 3, torment resistance 2, heat
vulnerability 1, no potions
a: no special abilities


You were on level 1 of the Dungeon.
You visited 1 branch of the dungeon, and saw 1 of its levels.

Inventory:

Armour
 a - a +0 robe (worn)


   Skills:
 - Level 1.5 Dodging
 - Level 1.5 Stealth
 + Level 2.8 Spellcasting
 * Level 4.1 Necromancy


You had 4 spell levels left.
You knew the following spells:

 Your Spells              Type           Power      Damage    Failure   Level
a - Necrotise             Necr           52%        1d6       4%          1

Your spell library contained the following spells:

 Spells                   Type           Power      Damage    Failure   Level
 Vampiric Draining        Necr           13%        2d6       12%         3
 Animate Dead             Necr           13%        N/A       38%         4
 Agony                    Necr           13%        N/A       75%         5


Dungeon Overview and Level Annotations

Branches:
Dungeon (1/15)

Altars:


Innate Abilities, Weirdness & Mutations

You are immune to poison.
Your flesh is cold resistant. (rC+)
You are immune to negative energy. (rN+++)
You are immune to unholy pain and torment.
You are vulnerable to heat. (rF-)
You do not drink.


Message History

Aim: a hobgoblin (lightly wounded, chance to affect: 83%)
The hobgoblin writhes in agony.
You kill the hobgoblin!
The dead are walking!
The ball python bites your hobgoblin skeleton.
The ball python grabs your hobgoblin skeleton.
The ball python constricts your hobgoblin skeleton.
Casting: Necrotise (safe; 4% risk of failure)
Confirm with . or Enter, or press ? or * to list all spells.
Aiming: Necrotise (safe; 4% risk of failure)
Press: ? - help, Shift-Dir - straight line, f - quokka
Aim: a quokka (chance to affect: 83%)
The quokka writhes in agony.
The ball python loses its grip on your hobgoblin skeleton.
Your hobgoblin skeleton barely misses the ball python.
You hit the quokka.
The quokka is heavily wounded.
The quokka bites you.
The ball python barely misses your hobgoblin skeleton. x2
Your hobgoblin skeleton closely misses the ball python.
The quokka bites you.
Your magical contamination has completely faded away.
The ball python bites your hobgoblin skeleton.
The ball python grabs your hobgoblin skeleton.
The ball python constricts your hobgoblin skeleton.
Your hobgoblin skeleton is destroyed!
The quokka attacks as you move away! The quokka closely misses you.
The quokka closely misses you. The quokka attacks as you move away!
The quokka bites you.
You see here a stone.
The quokka attacks as you move away! The quokka closely misses you.
Casting: Necrotise (safe; 4% risk of failure)
Confirm with . or Enter, or press ? or * to list all spells.
Aiming: Necrotise (safe; 4% risk of failure)
Press: ? - help, Shift-Dir - straight line, f - ball python, p - quokka
Aim: a ball python (chance to affect: 83%)
The ball python writhes in agony.
The quokka bites you.
* * * LOW HITPOINT WARNING * * *
The ball python bites you.
You die...

..... ....~ ##..>
##.... ######### #...#
P ##...8...###..S###.⌠
##..8.<.8..##.......~
..#8.........8#........
.....8.@rS.8..........~
..#8....S....8#........
##..8...8..##........
##...8...###........
######### #........
##......# ##...## ...#


You could see a quokka and 2 ball pythons.

Vanquished Creatures
  An endoplasm (D:1)
  A hobgoblin (D:1)
2 creatures vanquished.

Vanquished Creatures (others)
  A fungus (D:1)
1 creature vanquished.

Grand Total: 3 creatures vanquished

Notes
Turn   | Place    | Note
-------+----------+-------------------------------------------
     0 | D:1      | Avanven the Mummy Necromancer began the quest for the Orb.
     0 | D:1      | Reached XP level 1. HP: 13/13 MP: 4/4
    48 | D:1      | Slain by a ball python

Illustrated notes

Levels and vault maps discovered:
D:1:      erik_arrival_orb_chamber, layout_rooms,
          shapermc_ecumenical_altar_acropolis, chequers_jeans,
          reono_crystal_passage, hex_medium

Action                   || total
-------------------------++-------
Melee: Unarmed           ||     1
 Cast: Necrotise         ||     6
Dodge: Dodged            ||     3
